cohdb
Replays
Latest Replays
All Replays
Popular Replays
Top Player Replays
Match Explorer
How It Works
Community
CoH3 Stats
Reddit
Sign in to upload your games and track your stats! →
Sign in with Steam
Match 40822945
Unlisted
Match 40822945
Overview
Messages
Build Orders
End
Panzergrenadier Squad
Selects Armored Support Battlegroup
Panzergrenadier Squad
250 Light Carrier
Construct Light Support Kompanie
Fire Support Elements
Assault Grenadier Squad
2.5-tonne Medical Truck
Pak 38 Mechanized Group
Combat Half-tracks
MG34 Team
Veteran Squad Leaders
Construct Panzerarmee Kommand
Pak 38 Anti-tank Gun Team
Selects Superior Fire Drills
Selects Flammpanzer III Medium Tank
Flammpanzer III Medium Tank
Omach
Otis Veit
gaules
Lobo
WilfredWarrior
MonoChrome
0
0
Comments
sign in to comment!
No comments posted yet!